 Dungeon Crawl Stone Soup version 0.28.0-45-g0d030f2227 (webtiles) character file.

Game seed: 2028203769972756998

103 pkoi the Ruffian (level 4, -1/38 HPs)
             Began as a Demigod Fighter on Apr 8, 2022.
             Slain by an orc priest
             ... wielding a +0 hand axe
              (2 damage)
             ... in the Ecumenical Temple.
             The game lasted 00:03:13 (3769 turns).

pkoi the Ruffian (Demigod Fighter)                  Turns: 3769, Time: 00:03:13

Health: -1/38      AC:  7    Str: 17    XL:     4   Next: 27%
Magic:  6/6        EV:  9    Int: 14    God:
Gold:   136        SH:  4    Dex: 13    Spells: 3/3 levels left

rFire   . . .      SeeInvis .     - Unarmed
rCold   . . .      Faith    .   b - +0 buckler
rNeg    . . .      Spirit   .   a - +0 scale mail
rPois   .          Reflect  .   m - +0 helmet
rElec   .          Harm     .   (no cloak)
rCorr   .          Rampage  .   (no gloves)
Will    .....                   (no boots)
Stlth   ..........              (no amulet)
HPRegen 0.12/turn               (no ring)
MPRegen 0.10/turn               (no ring)

@: no status effects
A: high MP 1, forlorn, divine attributes
a: no special abilities


You were in the Ecumenical Temple.
You visited 2 branches of the dungeon, and saw 5 of its levels.

You collected 136 gold pieces.

Inventory:

Hand Weapons
 d - a +1 flail of protection
Armour
 a - a +0 scale mail (worn)
 b - a +0 buckler (worn)
 m - a +0 helmet (worn)
Scrolls
 e - 2 scrolls of identify {unknown}
 f - a scroll of fear {unknown}
 i - 2 scrolls of teleportation {unknown}
 j - a scroll of blinking {unknown}
 k - a scroll of immolation {unknown}
 l - 2 scrolls of enchant weapon
 o - a scroll of vulnerability {unknown}
 p - a scroll of magic mapping {unknown}
Potions
 c - a potion of might
 g - a potion of berserk rage {unknown}
 h - a potion of curing {unknown}
 n - a potion of mutation {unknown}


   Skills:
 - Level 3.0 Fighting
 - Level 3.0 Armour
 - Level 3.0 Shields
 * Level 3.8 Unarmed Combat


You had 3 spell levels left.
You didn't know any spells.
Your spell library was empty.

Dungeon Overview and Level Annotations

Branches:
Dungeon (4/15)             Temple (1/1) D:4


Innate Abilities, Weirdness & Mutations

You have an increased reservoir of magic. (+10% MP)
You shall have no god before yourself.
Your divine heritage dramatically boosts your attributes as you level up.


Message History

The orc priest barely misses you.
There is a staircase to the Ecumenical Temple here.
The orc priest hits you with a +0 hand axe.
* * * LOW HITPOINT WARNING * * *
You climb downwards.
Welcome back to the Ecumenical Temple!
There is a staircase back to the Dungeon here.
You hit the orc priest.
The orc priest is lightly wounded.
The orc priest calls down the wrath of Beogh upon you.
You barely resist. You hit the orc priest.
The orc priest is heavily wounded.
The orc priest hits you but does no damage.
You hit the orc priest.
The orc priest is severely wounded.
The orc priest mumbles some strange prayers to Beogh against you.
Beogh smites you!
* * * LOW HITPOINT WARNING * * *
You barely miss the orc priest.
The orc priest is severely wounded.
The orc priest invokes the aid of Beogh against you.
Pain shoots through your body!
* * * LOW HITPOINT WARNING * * *
You barely miss the orc priest.
The orc priest is severely wounded.
The orc priest looks satisfied for a moment.
You barely miss the orc priest.
The orc priest is severely wounded.
The orc priest hits you with a +0 hand axe.
* * * LOW HITPOINT WARNING * * *
You hit the orc priest.
The orc priest is severely wounded.
The orc priest calls down the wrath of Beogh upon you.
Pain shoots through your body!
* * * LOW HITPOINT WARNING * * *
Unknown command.
You hit the orc priest.
The orc priest is almost dead.
The orc priest hits you with a +0 hand axe.
You die...

##### #...#
#._.# ...
... ##.##
#.##...##.#
#...o@....#
####...####
#####


You could see an orc priest.

Vanquished Creatures
  A hound skeleton (D:3)
  2 adders (D:2)
  A worm (D:3)
  A dart slug (D:4)
  2 orcs (D:3)
  9 ball pythons
  7 endoplasms
  A giant cockroach (D:2)
  6 goblins
  5 hobgoblins
  2 jackals (D:1)
  2 quokkas (D:1)
  9 bats
  3 frilled lizards
  3 kobolds
  7 rats
61 creatures vanquished.

Notes
Turn   | Place    | Note
-------+----------+-------------------------------------------
     0 | D:1      | pkoi the Demigod Fighter began the quest for the Orb.
     0 | D:1      | Reached XP level 1. HP: 18/18 MP: 3/3
    11 | D:1      | You fall into a shaft and drop 1 floor!
   218 | D:2      | Reached XP level 2. HP: 11/25 MP: 4/4
   978 | D:1      | Reached XP level 3. HP: 17/31 MP: 5/5
  3146 | D:3      | Reached XP level 4. HP: 38/38 MP: 6/6
  3730 | D:4      | Found a staircase to the Ecumenical Temple.
  3740 | Temple   | Entered the Ecumenical Temple
  3768 | Temple   | HP: 1/38 [orc priest/nerve-wracking pain (11)]
  3769 | Temple   | Slain by an orc priest

Illustrated notes

Levels and vault maps discovered:
D:1:      minmay_arrival_open_corners, layout_basic,
          ebering_ecumenical_altar_sacrificial, hangedman_decor_riveting
D:2:      layout_basic, serial_park_tiny_1
D:3:      layout_basic, mainiacjoe_overflow_surrounded_room
D:4:      layout_loops_cross, mainiacjoe_overflow_paths,
          nicolae_uskayaw_murder_on_the_dancefloor,
          minmay_temple_entry_purple_smoke, nicolae_shop_fire_sale
          [nicolae_sub_dead_trees]
Temple:   eino_wide_crystal_templ

Skill      XL: |  1  2  3 |
---------------+----------+-----
Unarmed Combat | 2 3 |  3.8
Armour         | 3 |  3.0
Fighting       | 3 |  3.0
Shields        | 3 |  3.0

Action                   |  1- 3 |  4- 6 || total
-------------------------+-------+-------++-------
Melee: Unarmed           |   220 |    39 ||   259
  Use: Scroll            |       |     3 ||     3
Armor: Scale mail        |   104 |    14 ||   118
Dodge: Dodged            |    95 |    10 ||   105
Block: Buckler           |    41 |     3 ||    44
